 Dungeon Crawl Stone Soup version 0.24-a0-417-g1cce26a4d2 (webtiles) character file.

Game seed: 3151727992022192906

56 yoda5477 the Grave Robber (level 3, -7/24 HPs)
             Began as a Vampire Necromancer on June 10, 2019.
             Mangled by a bullfrog (9 damage)
             ... on level 2 of the Dungeon.
             The game lasted 00:12:47 (1789 turns).

yoda5477 the Grave Robber (Vampire Necromancer)     Turns: 1789, Time: 00:12:48

Health: -7/24      AC:  2    Str:  7    XL:     3   Next: 69%
Magic:  2/6        EV: 13    Int: 17    God:
Gold:   106        SH:  0    Dex: 15    Spells: 2/7 levels left

rFire    . . .     SeeInvis +   k - +3 dagger
rCold    . . .     Gourm    .   (no shield)
rNeg     . . .     Faith    .   a - +0 robe
rPois    .         Spirit   .   (no helmet)
rElec    .         Reflect  .   (no cloak)
rCorr    .         Harm     .   (no gloves)
MR       .....                  (no boots)
Stlth    ++........             (no amulet)
HPRegen  0.28/turn              (no ring)
MPRegen  0.10/turn              (no ring)

@: regenerating quickly
A: no food, fangs 3, see invisible, unbreathing
a: Exsanguinate


You were on level 2 of the Dungeon.
You were alive.

You visited 1 branch of the dungeon, and saw 3 of its levels.

You collected 106 gold pieces.

Inventory:

Hand Weapons
 b - a +0 spear
 c - a +0 whip
 k - a +3 dagger (weapon)
Missiles
 j - 82 stones (quivered)
 l - 39 sling bullets
Armour
 a - a +0 robe (worn)
Jewellery
 v - an uncursed amulet of guardian spirit {unknown}
Wands
 s - a wand of iceblast (10)
Scrolls
 e - 3 scrolls of amnesia
 f - 2 scrolls of identify
 g - a scroll of teleportation
 i - a scroll of fear
 n - a scroll of immolation {unknown}
 o - a scroll of magic mapping
 p - 2 scrolls of remove curse {unknown}
 q - a scroll of fog {unknown}
 t - a scroll of enchant weapon {unknown}
 u - a scroll of blinking {unknown}
Potions
 d - a potion of curing {unknown}
 h - a potion of brilliance {unknown}
 m - a potion of agility {unknown}
 r - a potion of mutation {unknown}


   Skills:
 - Level 0.3 Polearms
 * Level 2.9 Dodging
 + Level 3.3 Stealth
 + Level 2.6 Spellcasting
 + Level 5.0 Necromancy


You had 2 spell levels left.
You knew the following spells:

 Your Spells              Type           Power        Failure   Level  Hunger
a - Pain                  Necr           ###.         2%          1    N/A
b - Animate Skeleton      Necr           N/A          2%          1    N/A
c - Vampiric Draining     Necr           ###.......   7%          3    N/A

Your spell library contained the following spells:

 Spells                   Type           Power        Failure   Level  Hunger
 Regeneration             Chrm/Necr      ##........   19%         3    N/A
 Animate Dead             Necr           N/A          22%         4    N/A

Dungeon Overview and Level Annotations

Branches:
Dungeon (3/15)

Altars:
Hepliaklqana
Okawaru


Innate Abilities, Weirdness & Mutations

You do not eat.
Your natural rate of healing is unusually fast.
You have razor-sharp teeth.
You have supernaturally acute eyesight. (SInv)
You can survive without breathing.


Message History

The bullfrog hits you.
* * * LOW HITPOINT WARNING * * *
The bullfrog barely misses you.
Casting: Vampiric Draining (safe; 7% risk of failure)
Confirm with . or Enter, or press ? or * to list all spells.
You don't have enough magic to cast that spell.
The bullfrog closely misses you. The bullfrog closely misses you.
There is a stone staircase leading down here.
The bullfrog barely misses you. The bullfrog barely misses you.
The bullfrog hits you.
Your magical contamination has completely faded away.
The bullfrog hits you.
* * * LOW HITPOINT WARNING * * *
The bullfrog closely misses you. The bullfrog hits you!
* * * LOW HITPOINT WARNING * * *
The bullfrog hits you!
You die...

#############
.....<......#
########.##.# # #.##.# #
#.##.# # #.##.##########
# #........@F...# #
####.########.#
###########.########.####
........................#
###########.#..#####.##.#
.# ##.## #.#..# #.##.#
.###...## #.#..#####.##.#
.##.....###.>>.......##.#
##....)(....#..####.###.#


You could see a bullfrog.

Vanquished Creatures
  An adder (D:3)
  3 worms (D:2)
  2 leopard geckos (D:1)
  8 bats
  2 giant cockroaches
  4 goblins
  4 kobolds
  A frilled lizard (D:2)
  6 rats
31 creatures vanquished.

Vanquished Creatures (collateral kills)
  A worm (D:2)
  2 bats (D:1)
  A goblin (D:1)
  A frilled lizard (D:1)
  A rat (D:2)
6 creatures vanquished.

Grand Total: 37 creatures vanquished

Notes
Turn   | Place    | Note
-------+----------+-------------------------------------------
     0 | D:1      | yoda5477 the Vampire Necromancer began the quest for the
                  | Orb.
     0 | D:1      | Reached XP level 1. HP: 13/13 MP: 3/3
    92 | D:1      | Learned a level 1 spell: Animate Skeleton
   183 | D:1      | Reached XP level 2. HP: 19/19 MP: 5/5
   860 | D:2      | Reached XP level 3. HP: 12/24 MP: 0/6
  1182 | D:2      | Reached skill level 5 in Necromancy
  1187 | D:2      | Learned a level 3 spell: Vampiric Draining
  1370 | D:2      | Found an iron altar of Okawaru.
  1371 | D:2      | Found a hazy altar of Hepliaklqana.
  1738 | D:3      | Noticed a bullfrog
  1787 | D:2      | HP: 1/24 [bullfrog (7)]
  1789 | D:2      | Mangled by a bullfrog

Levels and vault maps discovered:
D:1:      ncdulo_smallfort, layout_rooms, minmay_misc_feat_secret_circle,
          serial_bayou_pond_e
D:2:      layout_loops_ring, minitemple
D:3:      layout_loops_cross, grunt_temple_overflow_growth_and_decay

Skill      XL: |  1  2  3 |
---------------+----------+-----
Necromancy     | 5 |  5.0
Polearms       | |  0.3
Dodging        | |  2.9
Stealth        | |  3.3
Spellcasting   | |  2.6

Action                   || total
-------------------------++-------
Melee: Spear             ||    14
       Bite              ||     2
       Dagger            ||    23
 Cast: Pain              ||    29
       Animate Skeleton  ||    15
       Vampiric Draining ||     1
  Use: Scroll            ||     5
 Stab: Sleeping          ||    13
Armor: Robe              ||    13
Dodge: Dodged            ||    57

Table legend:
 A = Non-vault XP
 B = Vault XP
 C = Vault XP percentage of total XP
 D = Non-vault monster count
 E = Vault monster count
 F = Vault count percentage of total count
                 A         B        C        D         E       F
            +---------+---------+-------+---------+---------+-------
      Total |      80 |       0 |   0.0 |      37 |       0 |   0.0
            +---------+---------+-------+---------+---------+-------
        D:1 |      28 |       0 |   0.0 |      16 |       0 |   0.0
        D:2 |      32 |       0 |   0.0 |      16 |       0 |   0.0
        D:3 |      20 |       0 |   0.0 |       5 |       0 |   0.0
            +---------+---------+-------+---------+---------+-------
